 Dungeon Sprint DCSS version 0.21.1-1-g345015f (webtiles) character file.

5 Exporg the Shield-Bearer (level 5, -13/51 HPs)
             Began as a Minotaur Fighter on May 10, 2018.
             Mangled by a queen ant (15 damage)
             ... in the Dungeon (Sprint VI: "Thunderdome").
             The game lasted 00:02:11 (282 turns).

Exporg the Shield-Bearer (Minotaur Fighter)          Turns: 282, Time: 00:02:12

Health: -13/51     AC:  7    Str: 38    XL:     5   Next: 15%
Magic:  4/4        EV: 11    Int: 11    God:
Gold:   30         SH: 12    Dex: 10    Spells: 4/4 levels left

rFire    + . .     SeeInvis .   a - +0 flail
rCold    x . .     Gourm    .   c - +0 shield
rNeg     . . .     Faith    .   b - +0 scale mail
rPois    +         Spirit   .   (helmet restricted)
rElec    .         Reflect  .   (no cloak)
rCorr    .         Harm     .   (no gloves)
MR       +....     NoTele   +   (no boots)
Stlth    ..........             (no amulet)
HPRegen  0.17/turn              p - ring "Zuama" {Fire rPois MR+ Str+4}
MPRegen  0.09/turn              s - ring "Erothreji" {-Tele +Fly Str+8 Int+6}

@: mighty, lethally poisoned (-13 -> -52)
A: retaliatory headbutt, horns 2
a: Evoke Flight


You were in the Dungeon.
You were not hungry.

You visited 1 branch You collected 210 gold pieces.
You spent 180 gold pieces at shops.

Inventory:

Hand Weapons
 a - a +0 flail (weapon)
Armour
 b - a +0 scale mail (worn)
 c - a +0 shield (worn)
Jewellery
 p - the ring "Zuama" (left hand) {Fire rPois MR+ Str+4}
   (You bought it in a shop in the Dungeon)

   [ring of fire]

   It enhances your fire magic.
   It affects your strength (+4).
   It protects you from fire.
   It makes you vulnerable to cold.
   It protects you from poison.
   It affects your resistance to hostile enchantments.
 q - the ring of Weupp {Str+5 Stlth-}
   (You bought it in a shop in the Dungeon)

   [ring of loudness]

   It affects your strength (+5).
   It makes you less stealthy.
 s - the ring "Erothreji" (right hand) {-Tele +Fly Str+8 Int+6}
   (You bought it in a shop in the Dungeon)

   [ring of flight]

   It affects your strength (+8).
   It affects your intelligence (+6).
   It lets you fly.
   It prevents most forms of teleportation.
Wands
 l - a wand of acid (5)
 m - a wand of iceblast (5)
 r - a wand of digging (14)
Scrolls
 k - 4 scrolls of blinking
 n - 3 scrolls of fog
Potions
 e - a potion of curing
 g - 3 potions of heal wounds
 h - 4 potions of haste
 i - 2 potions of magic
 j - a potion of berserk rage
 o - a potion of resistance
Comestibles
 f - a ration
 t - 2 chunks of flesh


   Skills:
 + Level 6.6 Fighting
 + Level 5.8 Maces & Flails
 + Level 6.6 Armour
 * Level 4.6 Dodging
 + Level 7.1 Shields


You had 4 spell levels left.
You didn't know any spells.

Dungeon Overview and Level Annotations

Branches:
Dungeon (1/1)

Altars:
Dithmenos
Gozag
Kikubaaqudgha
Okawaru
Qazlal
Ru
Sif Muna
Uskayaw
Vehumet
Wu Jian
Xom
Yredelemnul
The Shining One
Jiyva

Shops:
D *[%???:(


Innate Abilities, Weirdness & Mutations

You reflexively headbutt those who attack you in melee.
You have a pair of horns on your head.


Message History

The queen ant is heavily wounded.
The queen ant stings you.
Your shield prevents you from hitting the queen ant.
You headbutt the queen ant!
The queen ant is severely wounded.
The queen ant stings you!
You are lethally poisoned!
The queen ant poisons you!
You hit the queen ant. You headbutt the queen ant!!
The queen ant is almost dead.
You feel very sick. The queen ant stings you!
* * * LOW HITPOINT WARNING * * *
You completely miss the queen ant.
You headbutt the queen ant, but do no damage.
The queen ant is almost dead.
* * * LOW HITPOINT WARNING * * *
You feel very sick. The queen ant stings you!
You die...

#.....# ##.....##
##∩.....∩## #∩.......∩#
#_......._# #_......._#
#........_#
###.........###
#⌠..[...a@...⌠#
######.8.........8.#
##∩___......###......__.
##∩........8.# #.8........
......(%.....###..........
..†.......###...###.......
...(......# #.<.# .......
..........###...# .......
.............###.....


You could see a queen ant.

Vanquished Creatures
  A soldier ant (D)
  Ijyb (D)
  A worker ant (D)
  A hobgoblin (D)
  2 kobolds (D)
6 creatures vanquished.

Notes
Turn   | Place    | Note
-------+----------+-------------------------------------------
     0 | D        | Exporg the Minotaur Fighter began the quest for the Orb.
     0 | D        | Reached XP level 1. HP: 19/19 MP: 0/0
     1 | D        | Found a shimmering altar of Xom.
     2 | D        | Found an iron altar of Okawaru.
     2 | D        | Found a basalt altar of Yredelemnul.
     5 | D        | Round 1.
     8 | D        | Found a glowing golden altar of the Shining One.
     8 | D        | Found a hide-covered altar of Uskayaw.
     9 | D        | Found Gumass's Identification Station.
     9 | D        | Found an ornate altar of the Wu Jian Council.
     9 | D        | Found a viscous altar of Jiyva.
     9 | D        | Found Inuawiets's Delicious Food.
    10 | D        | Found Kyaneh's Advanced Armour.
    10 | D        | Found Sacet's Jewellery.
    29 | D        | Bought a heavily runed steel ring for 45 gold pieces
    29 | D        | Bought a brightly glowing gossamer ring for 45 gold pieces
    29 | D        | Bought a brightly glowing silver amulet for 45 gold pieces
    29 | D        | Bought a clouded glass ring for 45 gold pieces
    29 | D        | Identified the amulet of Zuekhlo {RegenMP rF+ Int+4 Dex-4} (You bought it in a shop in the Dungeon)
    32 | D        | Identified the ring "Zuama" {Fire rPois MR+ Str+4} (You bought it in a shop in the Dungeon)
    33 | D        | Identified the ring of Weupp {Str+5 Stlth-} (You bought it in a shop in the Dungeon)
    35 | D        | Identified the ring "Erothreji" {-Tele +Fly Str+8 Int+6} (You bought it in a shop in the Dungeon)
    50 | D        | Reached skill level 4 in Shields
    51 | D        | Found a sacrificial altar of Ru.
   134 | D        | Noticed Ijyb
   135 | D        | Found an ancient bone altar of Kikubaaqudgha.
   136 | D        | Found Ekhleody's Magic Scroll Shop.
   137 | D        | Found Miro Xieh's Magic Scroll Shop.
   137 | D        | Found Yhanutio's Must-Have Magic.
   153 | D        | Killed Ijyb
   153 | D        | Reached skill level 5 in Shields
   153 | D        | Reached XP level 2. HP: 27/28 MP: 1/1
   153 | D        | Reached XP level 3. HP: 34/35 MP: 2/2
   161 | D        | Found a shadowy altar of Dithmenos.
   161 | D        | Found a deep blue altar of Sif Muna.
   161 | D        | Found a radiant altar of Vehumet.
   161 | D        | Found Onanud's Staff Store.
   171 | D        | Found an opulent altar of Gozag.
   181 | D        | Found a stormy altar of Qazlal.
   181 | D        | Arena points: 5 (+5) [x1]
   196 | D        | Round 2.
   221 | D        | Noticed a soldier ant
   226 | D        | Reached skill level 5 in Fighting
   226 | D        | Reached skill level 5 in Armour
   233 | D        | Killed a soldier ant
   233 | D        | Reached skill level 5 in Maces & Flails
   233 | D        | Reached skill level 7 in Shields
   233 | D        | Reached XP level 4. HP: 14/45 MP: 3/3
   233 | D        | Reached XP level 5. HP: 15/51 MP: 4/4
   274 | D        | Noticed a queen ant
   282 | D        | HP: 2/51 [poisoned by a queen ant]
   282 | D        | Mangled by a queen ant

Skill      XL: |  1  2  3 |
---------------+----------+-----
Fighting       | 4 6 |  6.6
Armour         | 4 6 |  6.6
Shields        | 5 7 |  7.1
Maces & Flails | 3 5 |  5.8
Dodging        | 2 4 |  4.6

Action                   |  1- 3 |  4- 6 || total
-------------------------+-------+-------++-------
Melee: Flail             |    37 |     5 ||    42
       Headbutt          |     8 |     5 ||    13
  Use: Potion            |       |     2 ||     2
Armor: Scale mail        |    13 |       ||    13
Dodge: Dodged            |     8 |       ||     8
Block: Shield            |    20 |     1 ||    21
